[Event "Titled Tuesday Blitz August 3 2021"]
[White "Todev, Simeon"]
[Black "Grinblat, Dmitry"]
[WhiteFideId "2925133"]
[BlackFideId "4163257"]
[WhiteElo "1818"]
[BlackElo "2477"]
[Result "1-0"]
[Round "09"]
[TimeControl "180+1"]
[Date "2021.08.03"]
[WhiteClock "0:00:04"]
[BlackClock "0:00:02"]

1. e4 c5 2. Nf3 d6 3. c3 Nf6 4. Bd3 Nbd7 5. Bc2 e5 6. O-O g6 7. d4 Bg7 8. Bg5 h6 9. dxe5 dxe5 10. Bxf6 Bxf6 11. Na3 O-O 12. Nc4 Qe7 13. Qd6 Re8 14. Rfd1 Nf8 15. Ba4 Qxd6 16. Nxd6 Re7 17. Ne8 Bh8 18. Rd8 Ne6 19. Nf6+ Kg7 20. Rg8+ Kxf6 21. Rxh8 Kg7 22. Re8 Rxe8 23. Bxe8 Kf8 24. Bb5 Nc7 25. Be2 f6 26. Rd1 Be6 27. a3 Ke7 28. Kf1 Ne8 29. Nd2 Nd6 30. f3 b5 31. Kf2 c4 32. Nf1 Nb7 33. Ne3 Nc5 34. Nd5+ Bxd5 35. Rxd5 Rc8 36. Ke3 a6 37. Bd1 Nd3 38. b3 Nb2 39. bxc4 Nxc4+ 40. Kd3 Nxa3 41. Bb3 Rd8 42. c4 bxc4+ 43. Bxc4 Nxc4 44. Kxc4 Rxd5 45. Kxd5 Kd7 46. Kc5 Kc7 47. h4 g5 48. h5 Kb7 49. g4 Kc7 50. Kd5 Kb6 51. Ke6 a5 52. Kxf6 a4 53. Kg6 a3 54. Kxh6 a2 55. Kg7 a1=Q 56. h6 Qa7+ 57. Kg8 Qb8+ 58. Kg7 Qc7+ 59. Kg8 Qd8+ 60. Kg7 Qe7+ 61. Kg8 Qe6+ 62. Kg7 Qd7+ 63. Kg8 Qe6+ 64. Kg7 1-0


[Site "https://www.chess.com"]

[Event "Titled Tuesday Blitz August 3 2021"]
[White "Tokhirjonova, Gulrukhbegim"]
[Black "Maksimovic, Bojan"]
[WhiteFideId "14203626"]
[BlackFideId "14408120"]
[WhiteElo "2236"]
[BlackElo "2439"]
[Result "1/2-1/2"]
[Round "09"]
[TimeControl "180+1"]
[Date "2021.08.03"]
[WhiteClock "0:00:15"]
[BlackClock "0:00:11"]

1. Nf3 g6 2. g3 Bg7 3. Bg2 Nf6 4. O-O O-O 5. c4 d6 6. Nc3 e5 7. d3 Nc6 8. h3 Be6 9. e4 a6 10. Kh2 Rb8 11. a4 a5 12. Be3 Nd7 13. Qd2 Nc5 14. Rad1 Nd4 15. Bxd4 exd4 16. Nb5 Bd7 17. Qxa5 Bxb5 18. axb5 Ra8 19. Qd2 Ra2 20. Ra1 Qa8 21. Rxa2 Qxa2 22. Rd1 Ra8 23. b4 Qxd2 24. Rxd2 Nb3 25. Rb2 Nc1 26. Bf1 Ra2 27. Rxa2 Nxa2 28. c5 Nxb4 29. b6 cxb6 30. cxd6 Kf8 31. Nd2 Ke8 32. f4 Kd7 33. e5 f6 34. Nc4 fxe5 35. fxe5 b5 36. Nb6+ Kc6 37. d7 Kc7 38. e6 Bf6 39. Na8+ Kb8 40. Nb6 Kc7 41. Nc8 Nc6 42. Bg2 Ne7 43. Nd6 Nc6 44. Ne8+ Kd8 45. Nxf6 Ke7 46. Ng8+ Kd8 47. Bd5 b4 48. g4 Ne5 49. Bxb7 b3 50. Bd5 b2 51. Ba2 Nxd3 52. Bb1 Nb4 53. Nf6 d3 54. Ne4 Ke7 55. Kg3 Nc6 56. Kf4 Kxe6 57. Nc5+ Kd6 58. Nxd3 Kxd7 59. Nxb2 Ke7 60. Be4 Nd8 61. Nd3 Ne6+ 62. Ke5 Ng5 63. Bg2 Nf7+ 64. Kf4 Kf6 65. h4 g5+ 66. hxg5+ Nxg5 67. Nc5 h5 68. Ne4+ Nxe4 69. gxh5 Kg7 70. Bxe4 Kh8 71. Kg5 Kg7 72. h6+ Kh8 73. Kg6 Kg8 74. Bf5 Kh8 75. Be4 Kg8 76. Bf3 Kh8 77. Bg2 Kg8 78. Bf1 Kh8 79. Be2 Kg8 80. Bd3 Kh8 81. Bc4 1/2-1/2


[Site "https://www.chess.com"]

[Event "Titled Tuesday Blitz August 3 2021"]
[White "Tomiello, Mateus Costamilan"]
[Black "Molina, Roberto Junio Brito"]
[WhiteFideId "22701958"]
[BlackFideId "2109450"]
[WhiteElo "1995"]
[BlackElo "2402"]
[Result "0-1"]
[Round "09"]
[TimeControl "180+1"]
[Date "2021.08.03"]
[WhiteClock "0:00:03"]
[BlackClock "0:00:25"]

1. e4 c6 2. d4 d5 3. Nc3 dxe4 4. Nxe4 Nd7 5. Ng5 Ngf6 6. Bd3 e6 7. Qe2 Bd6 8. N1f3 h6 9. Ne4 Nxe4 10. Qxe4 Qc7 11. Bd2 b6 12. O-O-O Bb7 13. Qg4 g5 14. d5 cxd5 15. Nd4 a6 16. Nxe6 fxe6 17. Qxe6+ Kd8 18. Rhe1 Kc8 19. Bf5 Bc6 20. Bc3 Rd8 21. Bf6 Kb7 22. Bxd8 Rxd8 23. Qxh6 Nc5 24. Kb1 Rg8 25. h4 gxh4 26. Bh3 a5 27. Qxh4 Ne4 28. Qg4 Rxg4 29. Bxg4 Nxf2 0-1


[Site "https://www.chess.com"]

[Event "Titled Tuesday Blitz August 3 2021"]
[White "Tong, Hai Anh"]
[Black "Spitzl, Vinzent"]
[WhiteFideId "12412805"]
[BlackFideId "12901253"]
[WhiteElo "1467"]
[BlackElo "2192"]
[Result "0-1"]
[Round "09"]
[TimeControl "180+1"]
[Date "2021.08.03"]
[WhiteClock "0:00:01"]
[BlackClock "0:00:18"]

1. Nf3 Nf6 2. g3 d5 3. Bg2 e6 4. O-O Be7 5. d3 a5 6. Nbd2 a4 7. a3 c5 8. e4 dxe4 9. dxe4 Nc6 10. Re1 O-O 11. e5 Nd5 12. Qe2 Qc7 13. Nc4 b5 14. Nd6 Bxd6 15. exd6 Qxd6 16. Qxb5 Ba6 17. Qxa4 c4 18. c3 Bb7 19. Qc2 f5 20. Qe2 Na5 21. Ne5 Rac8 22. h4 f4 23. Kh2 Rf5 24. Bh3 Rf6 25. Ng4 Rg6 26. Qe5 fxg3+ 27. fxg3 Qc6 28. Qe2 Nb3 29. Rb1 Rf8 30. Ne5 Qb6 31. Nxg6 Rf2+ 32. Qxf2 Qxf2+ 33. Bg2 Ne3 34. Bxe3 Qxg2# 0-1


[Site "https://www.chess.com"]

[Event "Titled Tuesday Blitz August 3 2021"]
[White "Trakru, Rohun"]
[Black "Wilson, Elvin"]
[WhiteFideId "2097613"]
[BlackFideId "2014874"]
[WhiteElo "1746"]
[BlackElo "2318"]
[Result "1-0"]
[Round "09"]
[TimeControl "180+1"]
[Date "2021.08.03"]
[WhiteClock "0:00:51"]
[BlackClock "0:00:02"]

1. d4 Nf6 2. Bg5 e6 3. e4 h6 4. Bxf6 Qxf6 5. c3 d6 6. Bc4 g6 7. Ne2 Bg7 8. O-O Qd8 9. Bd3 e5 10. f4 O-O 11. Nd2 Nd7 12. Nf3 Qe7 13. Qb3 Kh7 14. Rad1 a6 15. a4 a5 16. Kh1 c6 17. f5 Nf6 18. fxg6+ fxg6 19. dxe5 dxe5 20. Ng3 Be6 21. Bc4 Bg4 22. h3 Nh5 23. Nxh5 Bxh5 24. g4 Rf4 25. gxh5 gxh5 26. Be6 Raf8 27. Bf5+ Kh8 28. Nh2 Qh4 29. Rxf4 exf4 30. Qc2 f3 31. Nxf3 Qf4 32. Qg2 Bf6 33. Rg1 b6 34. Nd4 Be5 35. Ne6 1-0


[Site "https://www.chess.com"]

[Event "Titled Tuesday Blitz August 3 2021"]
[White "Trent, Lawrence"]
[Black "Ibrahimli, Murad"]
[WhiteFideId "408638"]
[BlackFideId "13410229"]
[WhiteElo "2474"]
[BlackElo "2109"]
[Result "0-1"]
[Round "09"]
[TimeControl "180+1"]
[Date "2021.08.03"]
[WhiteClock "0:00:08"]
[BlackClock "0:00:14"]

1. e4 c6 2. d4 d5 3. f3 dxe4 4. fxe4 e5 5. Nf3 Bg4 6. Bc4 Nd7 7. c3 Ngf6 8. O-O Bd6 9. Qe1 Qc7 10. h3 Bh5 11. Nh4 Bg6 12. Nf5 Bxf5 13. exf5 O-O 14. Nd2 exd4 15. cxd4 Bh2+ 16. Kh1 Nh5 17. Rf3 Bg3 18. Qd1 Rae8 19. Nf1 Re1 20. Qd2 Ndf6 21. Bd3 Rfe8 22. b3 Bf4 23. Qc2 Ng3+ 24. Kg1 Bxc1 25. Rxc1 Rxc1 26. Qxc1 Nxf1 27. Bxf1 h6 28. a4 Qa5 29. Rg3 Kh7 30. Qc3 Qd5 31. Bd3 Qd6 32. Bc2 Nd5 33. f6+ g6 34. Qc4 Qxg3 0-1


[Site "https://www.chess.com"]

[Event "Titled Tuesday Blitz August 3 2021"]
[White "Ulko, Jaroslav"]
[Black "Tsaruk, Maksim"]
[WhiteFideId "4116658"]
[BlackFideId "13511173"]
[WhiteElo "2602"]
[BlackElo "2779"]
[Result "1-0"]
[Round "09"]
[TimeControl "180+1"]
[Date "2021.08.03"]
[WhiteClock "0:00:47"]
[BlackClock "0:00:01"]

1. d4 Nf6 2. Nf3 d5 3. c4 e6 4. Nc3 c5 5. cxd5 Nxd5 6. g3 Nxc3 7. bxc3 cxd4 8. cxd4 Bb4+ 9. Bd2 Bxd2+ 10. Qxd2 b6 11. Bg2 Bb7 12. O-O O-O 13. Rfc1 Nd7 14. a4 Qb8 15. a5 Rc8 16. Qb4 Rxc1+ 17. Rxc1 Qd8 18. axb6 Qxb6 19. Qe7 Qd8 20. Qxd8+ Rxd8 21. Rc7 Bxf3 22. Bxf3 a5 23. Ra7 Nb6 24. e3 a4 25. Ra6 Rd6 26. Bd1 e5 27. Bxa4 exd4 28. exd4 Kf8 29. Bb3 Ke7 30. Kf1 Nc8 31. Ra8 Nb6 32. Ra6 Nc8 33. Ra8 Nb6 34. Rb8 Nd7 35. Rb4 f5 36. Ke2 Kf6 37. Ke3 g5 38. Rb5 h6 39. Bc2 Re6+ 40. Kf3 f4 41. gxf4 gxf4 42. Be4 Kg7 43. Kxf4 Nf6 44. Bf3 Rd6 45. Ke5 Rd8 46. d5 Kg6 47. Rb6 Re8+ 48. Re6 Rf8 49. d6 Kg5 50. h4+ Kg6 51. d7 Kf7 52. Rxf6+ Ke7 53. Rxf8 1-0


[Site "https://www.chess.com"]

[Event "Titled Tuesday Blitz August 3 2021"]
[White "Vlassov, Nikolai"]
[Black "Lazavik, Denis"]
[WhiteFideId "4103360"]
[BlackFideId "13515110"]
[WhiteElo "2407"]
[BlackElo "2436"]
[Result "0-1"]
[Round "09"]
[TimeControl "180+1"]
[Date "2021.08.03"]
[WhiteClock "0:00:53"]
[BlackClock "0:01:45"]

1. e4 e5 2. Bc4 Nf6 3. d3 Bc5 4. Nf3 d6 5. Bg5 h6 6. Bh4 Nbd7 7. Nc3 c6 8. d4 exd4 9. Nxd4 Ne5 10. Bb3 Ng6 11. Bg3 O-O 12. Qd2 Re8 13. f3 d5 14. O-O-O dxe4 15. fxe4 Bg4 16. Nf3 Qxd2+ 17. Kxd2 Nxe4+ 18. Nxe4 Rxe4 19. Rhe1 Rd8+ 20. Kc1 Rxe1 21. Rxe1 Bxf3 22. gxf3 Kf8 23. Re4 f5 24. Re6 f4 25. c3 fxg3 26. hxg3 Ne7 27. Kc2 Nf5 0-1


[Site "https://www.chess.com"]

[Event "Titled Tuesday Blitz August 3 2021"]
[White "Vokhidov, Shamsiddin"]
[Black "Matinian, Nikita"]
[WhiteFideId "14204223"]
[BlackFideId "24129100"]
[WhiteElo "2572"]
[BlackElo "2410"]
[Result "1-0"]
[Round "09"]
[TimeControl "180+1"]
[Date "2021.08.03"]
[WhiteClock "0:00:09"]
[BlackClock "0:00:04"]

1. e4 d6 2. d4 g6 3. Nf3 Bg7 4. Bc4 Nf6 5. Qe2 c6 6. e5 dxe5 7. dxe5 Nd5 8. h3 O-O 9. O-O Be6 10. Nbd2 Nd7 11. Nb3 N7b6 12. Bd3 Nb4 13. Nc5 Nxd3 14. cxd3 Qc8 15. Bg5 Re8 16. Nxe6 Qxe6 17. Rfe1 Rad8 18. d4 a5 19. a4 Nd5 20. Bd2 b6 21. Ng5 Qf5 22. Ra3 Nf4 23. Bxf4 Qxf4 24. Nf3 Rd5 25. Rc3 c5 26. dxc5 bxc5 27. Rc4 Qf5 28. Qe3 Qd7 29. Rxc5 Rxc5 30. Qxc5 Qxa4 31. Qc3 e6 32. b3 Qb4 33. Qxb4 axb4 34. Rc1 Ra8 35. Rc4 Bf8 36. g3 h6 37. Kg2 Ra2 38. Nd4 Rb2 39. Kf3 g5 40. Ke3 Kg7 41. Rc7 Kg6 42. f4 gxf4+ 43. Kxf4 h5 44. Rc8 Bh6+ 45. Kf3 Bg7 46. Rc5 Rd2 47. Rc4 Bxe5 48. Nc6 Bd6 49. Nxb4 Rb2 50. Nd3 Rxb3 51. Rd4 Bc7 52. Rd7 Bb8 53. g4 h4 54. Ke4 Bg3 55. Rd8 Ra3 56. Rg8+ Kh7 57. Rf8 Ra4+ 58. Ke3 Kg7 59. Rd8 Ra1 60. Nf4 Ra3+ 61. Nd3 Ra1 62. Nf4 Rf1 63. Nh5+ Kh7 64. Rd7 Kg6 65. Rd8 Be5 66. Ke4 Bf6 67. Rg8+ Kh7 68. Rf8 Bg7 69. Rd8 f5+ 70. gxf5 exf5+ 71. Ke3 Kg6 72. Nf4+ Kf7 73. Rd7+ Kg8 74. Ng6 Bh6+ 75. Ke2 Rh1 76. Nxh4 Rxh3 77. Nxf5 Bf8 78. Kf2 Ra3 79. Kg2 Rc3 80. Ng3 Re3 81. Kf2 Re7 82. Rd5 Rf7+ 83. Nf5 Kh7 84. Kf3 Kg6 85. Kg4 Rf6 86. Re5 Bd6 87. Rb5 Bf8 88. Rd5 Re6 89. Nh4+ Kf7 90. Nf3 Be7 91. Kf5 Rf6+ 92. Ke4 Re6+ 93. Kf4 Bd6+ 94. Kg4 Be7 95. Ne5+ Kf6 96. Nd7+ Kf7 97. Kf5 Rh6 98. Ne5+ Ke8 99. Rb5 Rh5+ 100. Ke6 Rh6+ 101. Kd5 Rh5 102. Ke4 Rh4+ 103. Kd5 Rh5 104. Rb8+ Bd8 105. Rb7 Rg5 106. Ke6 Rh5 107. Nf7 Rh7 108. Nd6+ 1-0


[Site "https://www.chess.com"]

[Event "Titled Tuesday Blitz August 3 2021"]
[White "Vusatiuk, Vladimir"]
[Black "Reprintsev, Alexander"]
[WhiteFideId "14118610"]
[BlackFideId "14100541"]
[WhiteElo "2167"]
[BlackElo "2126"]
[Result "1-0"]
[Round "09"]
[TimeControl "180+1"]
[Date "2021.08.03"]
[WhiteClock "0:00:15"]
[BlackClock "0:00:32"]

1. d4 d5 2. c4 e5 3. dxe5 d4 4. Nf3 Nc6 5. a3 g6 6. Nbd2 Bg7 7. g3 Nh6 8. Bg2 O-O 9. O-O Re8 10. b4 a5 11. b5 Nxe5 12. Bb2 Nf5 13. Qc2 d3 14. exd3 Qxd3 15. Qxd3 Nxd3 16. Bxg7 Kxg7 17. Rad1 Nb2 18. Rde1 Be6 19. Ng5 Bxc4 20. Nxc4 Nxc4 21. Bxb7 Rab8 22. Rxe8 Rxe8 23. Rc1 Nfd6 24. Bc6 Re2 25. a4 h6 26. Nxf7 Kxf7 27. Bd5+ Ke7 28. Bxc4 Re4 29. Bd3 Rxa4 30. Rxc7+ Kd8 31. Rh7 g5 32. Rxh6 Rd4 33. Bf1 a4 34. Rh8+ Kc7 35. Ra8 g4 36. Kg2 Ne4 37. Ra6 Rd2 38. Rxa4 Rxf2+ 39. Kg1 Nc3 40. Rc4+ Kd6 41. Kxf2 1-0


[Site "https://www.chess.com"]

[Event "Titled Tuesday Blitz August 3 2021"]
[White "Wyde, David"]
[Black "Hryshchenko, Kamila"]
[WhiteFideId "2028107"]
[BlackFideId "14147491"]
[WhiteElo "2392"]
[BlackElo "1966"]
[Result "1/2-1/2"]
[Round "09"]
[TimeControl "180+1"]
[Date "2021.08.03"]
[WhiteClock "0:00:09"]
[BlackClock "0:00:06"]

1. d4 g6 2. c4 Bg7 3. e4 d6 4. Nc3 Nf6 5. Nf3 O-O 6. Be2 e5 7. O-O Nbd7 8. Re1 c6 9. Bf1 Qc7 10. h3 Re8 11. d5 c5 12. a3 Nh5 13. b4 Nf4 14. Nd2 a5 15. Nb5 Qb8 16. bxa5 Rxa5 17. Rb1 Ra6 18. Re3 Nf8 19. Reb3 f5 20. f3 h6 21. Qc2 Nh7 22. Nc3 Nf6 23. Rb5 Re7 24. Qb2 Ne8 25. Ne2 Nd3 26. Qb3 Nxc1 27. Nxc1 Qa8 28. Ra1 Rc7 29. Nd3 h5 30. Nb2 Qa7 31. Qd3 Bd7 32. Rb3 Rb6 33. a4 Ra6 34. Qc3 f4 35. Nb1 Bxa4 36. Nxa4 Rxa4 37. Rxa4 Qxa4 38. Ra3 Qd1 39. Nd2 Qe1 40. Qc2 Re7 41. Ra8 Qe3+ 42. Kh1 g5 43. Nb3 Qe1 44. Qe2 Qb4 45. Na5 Kh7 46. Qc2 Qe1 47. Qe2 Qc3 48. Kh2 Nf6 49. Rb8 g4 50. Rxb7 Re8 51. Nc6 Ra8 52. Ne7 Ra1 53. Nf5 g3+ 54. Kg1 Ne8 55. Re7 Qc1 56. Rxe8 Rb1 57. Re7 Rb2 58. Qd3 Qe1 59. Rxg7+ Kh8 60. Nxg3 Qf2+ 61. Kh2 Kxg7 62. Nf5+ Kf6 63. Qd1 h4 64. Kh1 Rd2 65. Qb1 Rc2 66. Bd3 Rb2 67. Qf1 Qd2 68. Kg1 Qc3 69. Be2 Qb3 70. Bd3 Ra2 71. Be2 Qa3 72. Nxh4 Ra1 73. Nf5 Rxf1+ 74. Bxf1 Qb2 75. h4 Qa3 76. h5 Qa6 77. h6 Kg6 78. Be2 Qc8 79. Bf1 Qd8 80. Be2 Qg5 81. Bf1 Qd8 82. Be2 Qc7 83. Bf1 Qd8 1/2-1/2


[Site "https://www.chess.com"]

[Event "Titled Tuesday Blitz August 3 2021"]
[White "Xiong, Jeffery"]
[Black "Rasulov, Vugar"]
[WhiteFideId "2047640"]
[BlackFideId "13402390"]
[WhiteElo "2724"]
[BlackElo "2553"]
[Result "1/2-1/2"]
[Round "09"]
[TimeControl "180+1"]
[Date "2021.08.03"]
[WhiteClock "0:00:02"]
[BlackClock "0:00:05"]

1. c4 Nf6 2. Nc3 e6 3. e4 d5 4. e5 Nfd7 5. d4 dxc4 6. Bxc4 c5 7. d5 Nxe5 8. Bb5+ Bd7 9. dxe6 fxe6 10. Qh5+ Nf7 11. Bc4 g6 12. Qe2 Bg7 13. Nf3 Nc6 14. Be3 Nd4 15. Bxd4 cxd4 16. Ne4 Qa5+ 17. Qd2 Qxd2+ 18. Kxd2 Rc8 19. Kd3 Ke7 20. b4 Rxc4 21. Kxc4 Rc8+ 22. Kb3 Bc6 23. Rhe1 Bd5+ 24. Ka3 d3 25. Rad1 Rc2 26. Rd2 b5 27. Rxc2 dxc2 28. Nfd2 Bh6 29. Kb2 Bxe4 30. Nxe4 c1=Q+ 31. Rxc1 Bxc1+ 32. Kxc1 Nd6 33. Nc3 a6 34. Kd2 Nc4+ 35. Kd3 Kd6 36. Kd4 e5+ 37. Kd3 Kc6 38. h4 Nd6 39. Ne4 Nxe4 40. Kxe4 Kd6 41. f3 Ke6 42. Ke3 Kd5 43. Kd3 h5 44. g3 Kd6 45. Ke3 Ke7 46. Ke4 Ke6 47. g4 Kd6 48. gxh5 gxh5 49. Kf5 Kd5 50. Kg5 Kc4 51. Kxh5 Kxb4 52. Kg4 Ka3 53. h5 Kxa2 54. h6 b4 55. h7 b3 56. h8=Q b2 57. Qg8+ Ka1 58. Qe6 a5 59. Qxe5 a4 60. Qc3 Ka2 61. Qc4+ Ka3 62. Qc2 b1=Q 63. Qxb1 1/2-1/2


[Site "https://www.chess.com"]

[Event "Titled Tuesday Blitz August 3 2021"]
[White "Yaran, Siar"]
[Black "Odegov, Artem"]
[WhiteFideId "6323006"]
[BlackFideId "34183644"]
[WhiteElo "1977"]
[BlackElo "2288"]
[Result "1/2-1/2"]
[Round "09"]
[TimeControl "180+1"]
[Date "2021.08.03"]
[WhiteClock "0:00:12"]
[BlackClock "0:00:10"]

1. e4 Nf6 2. e5 Nd5 3. d4 d6 4. Nf3 g6 5. Be2 Bg7 6. O-O O-O 7. h3 c5 8. exd6 exd6 9. Nc3 Be6 10. Bg5 Qd7 11. Re1 Nc6 12. Nxd5 Bxd5 13. dxc5 dxc5 14. Bc4 Nd4 15. c3 Bxc4 16. cxd4 cxd4 17. Rc1 Be6 18. Qd2 Rac8 19. Rcd1 Bd5 20. Ne5 Qf5 21. Ng4 Rfe8 22. Nh6+ Bxh6 23. Bxh6 Qf6 24. Rxe8+ Rxe8 25. Qxd4 Qxd4 26. Rxd4 Bc6 27. a4 f6 28. Be3 Kf7 29. a5 a6 30. b4 g5 31. h4 h6 32. hxg5 hxg5 33. Kf1 Rc8 34. Rd6 Bb5+ 35. Kg1 Rc4 36. Bd4 Ke7 37. Bc5 Kf7 38. f3 g4 39. Kf2 gxf3 40. gxf3 Bc6 41. Bd4 Ke7 42. Bc5 Kf7 43. Bd4 Ke7 44. Bc5 Kf7 1/2-1/2


[Site "https://www.chess.com"]

[Event "Titled Tuesday Blitz August 3 2021"]
[White "Yoo, Christopher Woojin"]
[Black "Sarana, Alexey"]
[WhiteFideId "30909694"]
[BlackFideId "24133795"]
[WhiteElo "2105"]
[BlackElo "2646"]
[Result "1/2-1/2"]
[Round "09"]
[TimeControl "180+1"]
[Date "2021.08.03"]
[WhiteClock "0:00:06"]
[BlackClock "0:00:20"]

1. e4 e5 2. Nf3 Nc6 3. Bb5 a6 4. Ba4 Nf6 5. d4 Nxe4 6. Qe2 Nd6 7. dxe5 Nf5 8. Qe4 g6 9. O-O Be7 10. Nc3 O-O 11. Nd5 Re8 12. Bb3 Na5 13. Nxe7+ Qxe7 14. Bg5 Qf8 15. Qf4 Nxb3 16. axb3 d5 17. h4 Ng7 18. Nd4 c5 19. Ne2 Ne6 20. Qg3 Nxg5 21. hxg5 Qe7 22. Nc3 Be6 23. Rad1 Rad8 24. Rfe1 Rd7 25. Qf4 Red8 26. Rd2 Bf5 27. g4 Be6 28. f3 b5 29. Kf2 b4 30. Na4 d4 31. Kg3 d3 32. cxd3 Rxd3 33. Rxd3 Rxd3 34. Re3 Rxb3 35. Rxb3 Bxb3 36. Nb6 Be6 37. Qd2 a5 38. Nd5 Bxd5 39. Qxd5 a4 40. f4 Kg7 41. Qc6 a3 42. bxa3 bxa3 43. Qa6 c4 44. Qxc4 Qa7 45. Qc3 a2 46. e6+ Kf8 47. Qh8+ Ke7 48. Qf6+ Ke8 49. Qh8+ Ke7 50. Qf6+ Kd6 51. exf7+ Kd5 52. f8=Q Qg1+ 53. Kf3 Qf1+ 54. Ke3 Qe1+ 55. Kf3 Qf1+ 56. Kg3 Qg1+ 57. Kf3 Qf1+ 1/2-1/2


[Site "https://www.chess.com"]

[Event "Titled Tuesday Blitz August 3 2021"]
[White "Zhuravlev, Alexey"]
[Black "Lee, Qing Aun"]
[WhiteFideId "4164199"]
[BlackFideId "5804167"]
[WhiteElo "2461"]
[BlackElo "2023"]
[Result "1-0"]
[Round "09"]
[TimeControl "180+1"]
[Date "2021.08.03"]
[WhiteClock "0:00:20"]
[BlackClock "0:00:24"]

1. e4 e6 2. d4 d5 3. Nc3 Bb4 4. e5 c5 5. a3 Bxc3+ 6. bxc3 Ne7 7. Qg4 cxd4 8. Qxg7 Rg8 9. Qxh7 Qc7 10. Ne2 dxc3 11. f4 Nbc6 12. Qd3 d4 13. h4 Bd7 14. h5 O-O-O 15. h6 Rg6 16. h7 Rh8 17. Nxd4 Nxd4 18. Qxd4 Kb8 19. Be3 b6 20. Bd3 Rxg2 21. O-O-O Bc6 22. Rhg1 Rh2 23. Qxc3 Nd5 24. Qd4 Qe7 25. Kb2 Kb7 26. Rg8 R8xh7 27. Bxh7 Rxh7 28. c4 Rh2+ 29. Rd2 Rxd2+ 30. Bxd2 Nc7 31. Qd8 Qxd8 32. Rxd8 Be8 33. Bb4 Kc6 34. Bd6 Bd7 35. Bxc7 Kxc7 36. Rf8 Kc6 37. Rxf7 a5 38. Kc3 a4 39. Kb4 Be8 40. Re7 Bd7 41. Rh7 Be8 42. Rg7 Bd7 43. Re7 Kc7 44. f5 Kd8 45. Rxd7+ Kxd7 46. f6 Ke8 47. Kb5 Kf7 48. Kxb6 1-0


[Site "https://www.chess.com"]

[Event "Titled Tuesday Blitz August 3 2021"]
[White "Zhurbinsky, David"]
[Black "Vasquez Schroeder, Rodrigo"]
[WhiteFideId "2072904"]
[BlackFideId "3400042"]
[WhiteElo "2571"]
[BlackElo "2744"]
[Result "0-1"]
[Round "09"]
[TimeControl "180+1"]
[Date "2021.08.03"]
[WhiteClock "0:00:13"]
[BlackClock "0:01:34"]

1. e4 c5 2. Nf3 d6 3. d4 cxd4 4. Nxd4 Nf6 5. f3 g6 6. c4 Bg7 7. Nc3 O-O 8. Be3 Nc6 9. Be2 Bd7 10. O-O Nxd4 11. Bxd4 a5 12. Rc1 Bc6 13. Kh1 Nd7 14. Bxg7 Kxg7 15. Qd4+ f6 16. f4 a4 17. Bg4 Ra5 18. b4 axb3 19. axb3 Ra3 20. b4 Qb6 21. Qxb6 Nxb6 22. c5 dxc5 23. bxc5 Na4 24. Nd5 f5 25. Bf3 fxe4 26. Bxe4 e6 27. Nc7 Bxe4 28. Nxe6+ Kg8 29. Nxf8 Kxf8 30. Rc4 Bd3 31. Rcc1 Bxf1 32. Rxf1 Nxc5 33. h3 b5 34. f5 Kg7 35. Kh2 gxf5 36. Rxf5 Rc3 37. Rf4 Rc4 38. Rf3 b4 39. Rf2 b3 40. Kg3 Rc3+ 0-1


[Site "https://www.chess.com"]

[Event "Titled Tuesday Blitz August 3 2021"]
[White "freshfoodcompany"]
[Black "Hansen, Sune Berg"]
[BlackFideId "1400266"]
[WhiteElo "2463"]
[BlackElo "2658"]
[Result "1-0"]
[Round "09"]
[TimeControl "180+1"]
[Date "2021.08.03"]
[WhiteClock "0:00:31"]
[BlackClock "0:00:10"]

1. d4 Nf6 2. c4 g6 3. Nc3 Bg7 4. e4 d6 5. Nf3 Nbd7 6. Be2 e5 7. Be3 O-O 8. O-O Re8 9. d5 Nh5 10. Nd2 Nf4 11. Bxf4 exf4 12. f3 a6 13. Nb3 Qg5 14. Rf2 Be5 15. Bf1 h5 16. Kh1 Nf6 17. Nd4 h4 18. Nce2 Nh5 19. h3 Qf6 20. Rc1 Ng3+ 21. Kh2 Nxe2 22. Nxe2 Bxb2 23. Rc2 Be5 24. Nc1 Bd4 25. Rfe2 Bd7 26. Nb3 Be3 27. Re1 Qg5 28. Bd3 Qg3+ 29. Kh1 Re5 30. Nd2 Rg5 31. Nf1 Qf2 32. Rxf2 Bxf2 33. Re2 Bc5 34. Qc1 Re5 35. Qxf4 g5 36. Qc1 Rae8 37. Ne3 f5 38. Nf1 f4 39. Qb1 b6 40. Qb3 Rb8 41. Nh2 Kf7 42. Ng4 Re7 43. e5 dxe5 44. Nxe5+ Kg8 45. Nxd7 Rxd7 46. Bf5 1-0


[Site "https://www.chess.com"]

[Event "Titled Tuesday Blitz August 3 2021"]
[White "Aitbayev, Aslan"]
[Black "Kalashian, David"]
[WhiteFideId "13704613"]
[BlackFideId "13302418"]
[WhiteElo "2417"]
[BlackElo "2490"]
[Result "0-1"]
[Round "10"]
[TimeControl "180+1"]
[Date "2021.08.03"]
[WhiteClock "0:00:04"]
[BlackClock "0:00:12"]

1. e4 c6 2. d4 g6 3. Nc3 Bg7 4. Nf3 d6 5. Be2 Nf6 6. O-O O-O 7. a4 Nbd7 8. Bf4 Qc7 9. e5 Nh5 10. exd6 exd6 11. Qd2 Nxf4 12. Qxf4 Nf6 13. Nd2 Bf5 14. Nc4 Rad8 15. Ne3 Be6 16. Bf3 a5 17. Rfd1 Qb6 18. b3 d5 19. Ne2 Rfe8 20. Ng3 Bc8 21. h4 h5 22. Rd3 Ne4 23. Bxe4 dxe4 24. Nc4 Qb4 25. Nxe4 Bf5 26. c3 Qxb3 27. Ned2 Qc2 28. Re3 b5 29. axb5 cxb5 30. Rxe8+ Rxe8 31. Nd6 Qxc3 32. Rf1 Re2 33. Nxf5 Qxd2 34. Qb8+ Kh7 35. Nxg7 Kxg7 36. Qxb5 Re1 37. Rxe1 Qxe1+ 38. Kh2 Qxf2 39. Qe5+ Qf6 40. Qxa5 Qxh4+ 41. Kg1 Qxd4+ 42. Kh1 h4 43. Qc7 Qe3 44. Qd7 Qe1+ 45. Kh2 Qg3+ 46. Kh1 Qf4 47. Qc8 Kh6 48. Qh8+ Kg5 49. Qd8+ f6 50. Qd5+ f5 51. Qd8+ Kg4 52. Qd1+ Kg5 53. Qd8+ Kh5 54. Qh8+ Kg4 55. Qd8 Qc1+ 56. Kh2 Qf4+ 57. Kh1 h3 58. Qd1+ Kh4 59. Qd8+ Kg3 60. Qd3+ Kf2 61. Qc2+ Ke1 62. Qb1+ Ke2 63. Qb5+ Kf2 64. Qb2+ Ke1 65. Qb1+ Kd2 66. Qb2+ Kd1 67. Qb1+ Qc1 68. Qxc1+ Kxc1 69. gxh3 Kd2 70. Kg2 Ke3 71. Kg3 f4+ 72. Kg2 Ke2 0-1


[Site "https://www.chess.com"]

[Event "Titled Tuesday Blitz August 3 2021"]
[White "Aldokhin, Ivan"]
[Black "Maksimovic, Bojan"]
[WhiteFideId "24115720"]
[BlackFideId "14408120"]
[WhiteElo "2306"]
[BlackElo "2439"]
[Result "0-1"]
[Round "10"]
[TimeControl "180+1"]
[Date "2021.08.03"]
[WhiteClock "0:00:05"]
[BlackClock "0:01:32"]

1. e4 g6 2. d4 Bg7 3. Nc3 d6 4. Bg5 a6 5. f4 b5 6. Nf3 Bb7 7. Bd3 Nd7 8. e5 c5 9. exd6 Ngf6 10. O-O O-O 11. dxe7 Qxe7 12. Re1 Qd6 13. Ne4 Nxe4 14. Bxe4 Bxe4 15. Rxe4 cxd4 16. Be7 Qc6 17. Bxf8 Qxe4 18. Bxg7 Qe3+ 19. Kf1 Kxg7 20. Qxd4+ Qxd4 21. Nxd4 Rc8 22. c3 Nc5 23. Ke2 Na4 24. Rb1 Rxc3 25. bxc3 Nxc3+ 26. Kd3 Nxb1 27. Kc2 Na3+ 28. Kb3 Nc4 29. a4 Nd2+ 30. Kc2 Nf1 31. a5 Ne3+ 32. Kd3 Nc4 33. Nc6 Kf6 34. Kd4 Kf5 35. g3 h5 36. Kc5 Kg4 37. Kb4 Kh3 38. Nb8 Kxh2 39. Nxa6 Kxg3 40. Nc5 Nxa5 41. Kxa5 h4 42. f5 gxf5 43. Kxb5 h3 0-1


[Site "https://www.chess.com"]

[Event "Titled Tuesday Blitz August 3 2021"]
[White "Anuj Shrivatri"]
[Black "Alavi, Sayed Javad"]
[WhiteFideId "35070924"]
[BlackFideId "12500607"]
[WhiteElo "2038"]
[BlackElo "2495"]
[Result "0-1"]
[Round "10"]
[TimeControl "180+1"]
[Date "2021.08.03"]
[WhiteClock "0:00:02"]
[BlackClock "0:00:10"]

1. c4 e6 2. g3 d5 3. Bg2 Nf6 4. Nf3 dxc4 5. O-O a6 6. Qc2 Be7 7. Qxc4 b5 8. Qc2 Bb7 9. a4 Nbd7 10. Nc3 b4 11. Nd1 c5 12. d3 a5 13. Ne3 Nb6 14. b3 Nfd5 15. Bb2 Nxe3 16. fxe3 O-O 17. Ne5 Bxg2 18. Kxg2 Rc8 19. e4 Bf6 20. Rab1 Qe7 21. Rf3 Bxe5 22. Bxe5 f6 23. Bb2 e5 24. Bc1 Qe6 25. Be3 Nd7 26. Kh1 Rfd8 27. Rg1 Nb8 28. g4 h6 29. h4 Kf7 30. Rg2 Nc6 31. g5 hxg5 32. hxg5 Nd4 33. Bxd4 cxd4 34. Qd1 Rh8+ 35. Kg1 Rh3 36. gxf6 gxf6 37. Rf5 Rch8 38. Kf2 Rh2 39. Qg1 Rxg2+ 40. Qxg2 Qxb3 41. Qg5 Qe6 42. Qg1 b3 43. Qc1 Rc8 44. Qh6 Ke7 45. Rh5 b2 46. Qg6 b1=Q 47. Rh7+ Kd6 48. Rf7 Qc1 49. Rxf6 Qf4+ 50. Rxf4 Qxg6 0-1


[Site "https://www.chess.com"]